 Dungeon Crawl Stone Soup version 0.29.0-4-gdea44cf6ec (webtiles) character file.

Game seed: 15750434297472376380

429 qw the Chopper (level 6, 0/47 HPs)
             Began as a Demonspawn Cinder Acolyte on Sept 9, 2022.
             Was an Elder of Ignis.
             Succumbed to a kobold brigand's curare-tipped dart
             ... on level 4 of the Dungeon.
             The game lasted 00:01:05 (3703 turns).

qw the Chopper (Demonspawn Cinder Acolyte)          Turns: 3703, Time: 00:01:05

Health: 0/47       AC: 15    Str: 16    XL:     6   Next: 66%
Magic:  7/7        EV:  6    Int: 16    God:    Ignis [****..]
Gold:   130        SH:  0    Dex:  8    Spells: 7/7 levels left

rFire   + . .      SeeInvis .   Y - +0 war axe
rCold   . . .      Faith    .   (no shield)
rNeg    . . .      Spirit   .   k - +0 chain mail
rPois   .          Reflect  .   (helmet restricted)
rElec   .          Harm     .   (no cloak)
rCorr   .          Rampage  .   (no gloves)
Will    .....                   (no boots)
Stlth   ..........              (no amulet)
HPRegen 0.15/turn               (no ring)
MPRegen 0.10/turn               (no ring)

@: lethally poisoned (0 -> -24), about to teleport, fiery-armoured, slowed, very
slow
A: hooves 2, horns 1, demonic touch 2
a: Renounce Religion, Fiery Armour, Foxfire Swarm, Rising Flame


You were on level 4 of the Dungeon.
You worshipped Ignis.
Ignis was greatly pleased with you.
You visited 1 branch of the dungeon, and saw 4 of its levels.

You collected 130 gold pieces.


Innate Abilities, Weirdness & Mutations

You have hoof-like feet.
You have a pair of small horns on your head.
Your touch may inflict irresistible damage on your foes.


   Skills:
 - Level 3.4 Fighting
 - Level 6.2 Axes
 + Level 1.6 Armour
 - Level 1.1 Dodging
 - Level 1.0 Spellcasting
 - Level 2.6 Fire Magic


You had 7 spell levels left.
You didn't know any spells.
Your spell library contained the following spells:

 Spells                   Type           Power      Damage    Failure   Level
 Scorch                   Fire           18%        2d5       91%         2

Inventory:

Hand Weapons
 j - a -1 hand axe of flaming
 Y - a +0 war axe (weapon)
Missiles
 h - 5 boomerangs (quivered)
Armour
 k - a +0 chain mail (worn)
Scrolls
 b - 2 scrolls of identify
 f - a scroll of brand weapon {unknown}
 l - a scroll of teleportation
Potions
 a - a potion of haste
 c - a potion of might
 d - a potion of flight {unknown}
 e - a potion of lignification {unknown}
 g - a potion of curing
 i - a potion of heal wounds {unknown}
 m - a potion of berserk rage {unknown}

Dungeon Overview and Level Annotations

Branches:
Dungeon (4/15)
 Temple: D:4-7

Altars:
Gozag
Hepliaklqana
Kikubaaqudgha
Makhleb
Nemelex Xobeh
Okawaru
Qazlal
Yredelemnul


Message History

The kobold brigand throws a curare-tipped dart.
The curare-tipped dart hits you.
You are poisoned.
You have difficulty breathing.
You feel yourself slow down.
Enter note:
Enter note:
Enter note:
Enter note: Throw: 5 boomerangs
Press: ? - help, Q - select action Shift-Dir - straight line, f - kobold brigand You throw a boomerang.
The boomerang hits the kobold brigand but does no damage.
You feel very sick.
Throw: 5 boomerangs
Press: ? - help, Q - select action Shift-Dir - straight line, f/p - kobold brigand You throw a boomerang.
The boomerang hits the kobold brigand but does no damage.
You feel very sick.
Throw: 5 boomerangs
Press: ? - help, Q - select action Shift-Dir - straight line, f/p - kobold brigand You throw a boomerang.
The boomerang completely misses the kobold brigand.
You feel sick.
The kobold brigand throws a curare-tipped dart.
The curare-tipped dart hits you.
You are more poisoned.
You have difficulty breathing.
You feel as though you will be slow longer.
3702 ||| INVOKING Fiery Armour.
A protective cloak of flame settles atop you.
You feel very sick.
The kobold brigand throws a curare-tipped dart.
The curare-tipped dart hits you.
You are lethally poisoned!
You have difficulty breathing.
You feel as though you will be slow longer.
3703 ||| READING 2 scrolls of teleportation.
As you read the scroll of teleportation, it crumbles to dust.
You feel strangely unstable.
You die...

.............. .............
..........#..... ................
#...............#
...........K.....# ........##...#
..### ..........@..##....#. ...
.# #.....#............... .... ..
#.........####.......#.... ..#
..........##......# ..#.. ...#
##.###..............# #..##
..#..###.......##..##..## ##.#.
##.....#.......###..##...###>#..
#.#.............###....##..#.....
.###.......#....##.###.##......##


You could see a kobold brigand.

Vanquished Creatures
  Sigmund (D:3)
  An orc priest (D:3)
  An iguana (D:4)
  Terence (D:3)
  Natasha (D:3)
  An orc wizard (D:3)
  6 adders
  A worm (D:2)
  3 dart slugs
  6 orcs (D:3)
  7 ball pythons
  5 endoplasms
  4 giant cockroaches
  6 goblins
  8 hobgoblins
  4 jackals (D:3)
  4 quokkas
  7 bats
  2 frilled lizards
  4 kobolds
  4 rats
77 creatures vanquished.

Notes
Turn   | Place    | Note
-------+----------+-------------------------------------------
     0 | D:1      | qw the Demonspawn Cinder Acolyte began the quest for the
                  | Orb.
     0 | D:1      | Reached XP level 1. HP: 18/18 MP: 2/2
     0 | D:1      | 0 ||| qw: Version: 0.1-a-113-g051387a
     0 | D:1      | 0 ||| qw: Game counter: 6969
     0 | D:1      | 0 ||| qw: Always use a shield: true
     0 | D:1      | 0 ||| qw: God list: Okawaru
     0 | D:1      | 0 ||| qw: Allow faded altars: false
     0 | D:1      | 0 ||| qw: Do Orc after D:15 true
     0 | D:1      | 0 ||| qw: Do second Lair branch before Depths: true
     0 | D:1      | 0 ||| qw: Lair rune preference: random
     0 | D:1      | 0 ||| qw: Plans: Normal
     0 | D:1      | 0 ||| PLANNING D:1-11
   141 | D:1      | Reached skill level 3 in Axes
   215 | D:1      | Discovered your monstrous ancestry.
   215 | D:1      | Gained mutation: Your touch may inflict minor irresistible
                  | damage on your foes. [demonic ancestry]
   215 | D:1      | Reached XP level 2. HP: 20/24 MP: 3/3
   314 | D:1      | 314 ||| Stepping ~*~*~tactically~*~*~ (stealth).
   546 | D:1      | 546 ||| Stepping ~*~*~tactically~*~*~ (hiding).
   648 | D:1      | 648 ||| Stepping ~*~*~tactically~*~*~ (hiding).
   750 | D:1      | 750 ||| Stepping ~*~*~tactically~*~*~ (hiding).
  1180 | D:1      | 1180 ||| UPGRADING to +0 ring mail.
  1190 | D:1      | 1190 ||| DROPPING +0 robe.
  1191 | D:1      | 1191 ||| UPGRADING to +0 scale mail.
  1201 | D:1      | 1201 ||| DROPPING +0 ring mail.
  1202 | D:1      | 1202 ||| READING scroll labelled CEPIUBL PYTA.
  1244 | D:2      | Gained mutation: You have large cloven feet. [demonic
                  | ancestry]
  1244 | D:2      | Reached XP level 3. HP: 26/29 MP: 4/4
  1285 | D:2      | Reached skill level 4 in Axes
  1444 | D:2      | 1444 ||| FLEEEEING.
  1445 | D:2      | 1445 ||| FLEEEEING.
  1446 | D:2      | 1446 ||| FLEEEEING.
  1449 | D:2      | 1449 ||| FLEEEEING.
  1517 | D:2      | 1517 ||| Stepping ~*~*~tactically~*~*~ (stealth).
  1527 | D:2      | Reached skill level 1 in Armour
  1665 | D:2      | 1665 ||| Stepping ~*~*~tactically~*~*~ (stealth).
  1672 | D:2      | Gained mutation: You have a pair of small horns on your
                  | head. [demonic ancestry]
  1672 | D:2      | Reached XP level 4. HP: 35/35 MP: 5/5
  1839 | D:2      | Found a faded altar of an unknown god.
  1962 | D:2      | 1962 ||| READING scroll labelled EBOILO VESEA.
  1963 | D:2      | 1963 ||| READING scroll labelled KONUWU TIEWNIO.
  2064 | D:2      | 2064 ||| READING scroll labelled MAC WIRAKK.
  2065 | D:2      | 2065 ||| DRINKING 2 silvery potions.
  2138 | D:3      | 2138 ||| Stepping ~*~*~tactically~*~*~ (stealth).
  2287 | D:3      | Noticed Natasha
  2288 | D:3      | 2288 ||| Stepping ~*~*~tactically~*~*~ (hiding).
  2295 | D:3      | 2295 ||| INVOKING Fiery Armour.
  2297 | D:3      | Killed Natasha
  2298 | D:3      | Reached skill level 5 in Axes
  2476 | D:3      | Noticed Terence
  2480 | D:3      | 2480 ||| INVOKING Fiery Armour.
  2483 | D:3      | Killed Terence
  2484 | D:3      | Reached skill level 1 in Dodging
  2484 | D:3      | Gained mutation: Your touch may inflict irresistible damage
                  | on your foes. [demonic ancestry]
  2484 | D:3      | Reached XP level 5. HP: 16/41 MP: 6/6
  2796 | D:3      | 2796 ||| INVOKING Fiery Armour.
  2799 | D:3      | Noticed Sigmund
  2812 | D:3      | Killed Sigmund
  2813 | D:3      | Reached skill level 6 in Axes
  2813 | D:3      | Gained mutation: You have hoof-like feet. [demonic
                  | ancestry]
  2813 | D:3      | Reached XP level 6. HP: 37/47 MP: 7/7
  2880 | D:3      | Found a stormy altar of Qazlal.
  2881 | D:3      | 2881 ||| SWAPPING to +0 war axe.
  2936 | D:3      | Found a burning altar of Makhleb.
  2938 | D:3      | Found an opulent altar of Gozag.
  2941 | D:3      | Found a basalt altar of Yredelemnul.
  2942 | D:3      | Found a hazy altar of Hepliaklqana.
  2945 | D:3      | Found an ancient bone altar of Kikubaaqudgha.
  2962 | D:3      | 2962 ||| Stepping ~*~*~tactically~*~*~ (stealth).
  3200 | D:3      | 3200 ||| Stepping ~*~*~tactically~*~*~ (hiding).
  3203 | D:3      | 3203 ||| Stepping ~*~*~tactically~*~*~ (hiding).
  3211 | D:3      | 3211 ||| Stepping ~*~*~tactically~*~*~ (hiding).
  3221 | D:3      | 3221 ||| FLEEEEING.
  3310 | D:3      | Found a sparkling altar of Nemelex Xobeh.
  3413 | D:3      | 3413 ||| UPGRADING to +0 chain mail.
  3423 | D:3      | 3423 ||| DROPPING +0 scale mail.
  3424 | D:3      | 3424 ||| READING 3 scrolls labelled TIRPHO APPAYNAL.
  3428 | D:3      | 3428 ||| DRINKING 2 metallic yellow potions.
  3429 | D:3      | 3429 ||| DRINKING 2 lumpy pink potions.
  3430 | D:3      | 3430 ||| DROPPING potion of invisibility.
  3549 | D:4      | 3549 ||| READING 2 scrolls of identify.
  3549 | D:4      | 3549 ||| IDENTIFYING orange potion
  3557 | D:4      | Found an iron altar of Okawaru.
  3702 | D:4      | 3702 ||| INVOKING Fiery Armour.
  3702 | D:4      | HP: 8/47 [asphyx]
  3703 | D:4      | 3703 ||| READING 2 scrolls of teleportation.
  3703 | D:4      | Succumbed to a kobold brigand's curare-tipped dart

Levels and vault maps discovered:
D:1:      minmay_arrival_stair_chambers, layout_loops_ring
D:2:      layout_rooms, chequers_ecumenical_altar_grove
D:3:      layout_basic, nemelex_diamond_rough_becter, minitemple,
          mainiacjoe_overflow_concentric_impassable, uniq_natasha, uniq_terence,
          uniq_sigmund
D:4:      layout_layer_cave, mainiacjoe_overflow_alcove_1,
          mainiacjoe_overflow_cross_hatched, fedhas_altar_fruit_tree

Skill      XL: |  1  2  3  4  5 |
---------------+----------------+-----
Axes           | 3 4 5 6 |  6.2
Armour         | 1 |  1.6
Dodging        | 1 |  1.1
Fighting       | |  3.4
Spellcasting   | |  1.0
Fire Magic     | |  2.6

Action                   |  1- 3 |  4- 6 || total
-------------------------+-------+-------++-------
Melee: Hand axe          |    90 |    74 ||   164
       Punch             |     1 |       ||     1
       Touch             |     9 |     9 ||    18
       Kick              |     8 |    17 ||    25
       Headbutt          |       |     2 ||     2
       War axe           |       |    19 ||    19
Throw: Boomerang         |       |     3 ||     3
Invok: Fiery Armour      |       |     4 ||     4
  Use: Scroll            |     1 |     6 ||     7
       Potion            |       |     3 ||     3
Armor: Robe              |     8 |       ||     8
       Scale mail        |    15 |    43 ||    58
       Chain mail        |       |     2 ||     2
Dodge: Dodged            |    46 |    40 ||    86

Table legend:
 A = Non-vault XP
 B = Vault XP
 C = Vault XP percentage of total XP
 D = Non-vault monster count
 E = Vault monster count
 F = Vault count percentage of total count
                 A         B        C        D         E       F
            +---------+---------+-------+---------+---------+-------
      Total |     320 |     294 |  47.9 |      74 |       3 |   3.9
            +---------+---------+-------+---------+---------+-------
        D:1 |      39 |       0 |   0.0 |      22 |       0 |   0.0
        D:2 |      99 |       0 |   0.0 |      24 |       0 |   0.0
        D:3 |     137 |     294 |  68.2 |      25 |       3 |  10.7
        D:4 |      45 |       0 |   0.0 |       3 |       0 |   0.0
            +---------+---------+-------+---------+---------+-------
